 Dungeon Crawl Stone Soup version 0.25-a0-41-g6cf4ce537d (webtiles) character file.

Game seed: 7116789074376994166, levelgen mode: deterministic

11759 Fingolfin the Sculptor of Flesh (level 11, -11/95 HPs)
             Began as a Minotaur Gladiator on Oct 22, 2019.
             Was an Elder of Yredelemnul.
             Mangled by a komodo dragon (23 damage)
             ... on level 3 of the Lair of Beasts.
             The game lasted 00:38:06 (11633 turns).

Fingolfin the Sculptor of Flesh (MiGl)             Turns: 11633, Time: 00:38:10

Health: -11/95     AC: 14    Str: 20    XL:     11   Next: 53%
Magic:  0/28       EV:  9    Int:  6    God:    Yredelemnul [****..]
Gold:   700        SH: 10    Dex: 15    Spells: 10/10 levels left

rFire    . . .     SeeInvis +   Y - +2 war axe of Deformation {vamp, rC+ MR+ Dex+2 Stlth-}
rCold    + . .     Gourm    .   R - +0 shield
rNeg     . . .     Faith    .   v - +0 chain mail
rPois    .         Spirit   +   c - +0 hat
rElec    .         Reflect  .   O - +2 cloak of the Thief {+Fog Slay-2 SInv Stlth+}
rCorr    .         Harm     .   (no gloves)
MR       +....                  y - +0 pair of boots
Stlth    ..........             p - amulet of guardian spirit
HPRegen  0.25/turn              N - ring of magical power
MPRegen  0.21/turn              (no ring)

@: no status effects
A: retaliatory headbutt, horns 2
a: Recall Undead Slaves, Injury Mirror, Animate Dead, Drain Life, Renounce
Religion, Evoke Fog


You were on level 3 of the Lair of Beasts.
You worshipped Yredelemnul.
Yredelemnul was greatly pleased with you.
You were not hungry.

You visited 3 branches of the dungeon, and saw 14 of its levels.
You also visited: Ossuary and Bailey.

You collected 700 gold pieces.

Inventory:

Hand Weapons
 Y - the +2 war axe of Deformation (weapon) {vamp, rC+ MR+ Dex+2 Stlth-}
   (You found it on level 1 of the Lair of Beasts)

   It inflicts no extra harm, but heals its wielder when it wounds a living foe.
   It affects your dexterity (+2).
   It protects you from cold.
   It affects your resistance to hostile enchantments.
   It makes you less stealthy.
Missiles
 f - 4 throwing nets
 m - 358 stones (quivered)
 C - 42 poisoned darts
 D - 23 boomerangs
 E - 6 javelins
Armour
 c - a +0 hat (worn)
 v - a +0 chain mail (worn)
 y - a +0 pair of boots (worn)
 O - the +2 cloak of the Thief (worn) {+Fog Slay-2 SInv Stlth+}
   (You found it on level 7 of the Dungeon)

   It affects your accuracy and damage with ranged weapons and melee attacks
   (-2).
   It lets you see invisible.
   It makes you more stealthy.
 R - a +0 shield (worn)
Jewellery
 a - a +4 ring of dexterity
 p - an amulet of guardian spirit (around neck)
 t - an uncursed ring of fire
 N - a ring of magical power (left hand)
Wands
 u - a wand of scattershot (6)
 x - a wand of iceblast (6)
 P - a wand of digging (5)
 U - a wand of paralysis (7)
 V - a wand of disintegration (13)
 W - a wand of clouds (5)
 X - a wand of enslavement (5)
Scrolls
 b - 3 scrolls of magic mapping
 j - 6 scrolls of remove curse
 o - 4 scrolls of fear
 q - 13 scrolls of teleportation
 w - 2 scrolls of enchant armour
 z - 2 scrolls of fog
 A - 3 scrolls of blinking
 F - 3 scrolls of immolation
 S - a scroll of brand weapon
Potions
 e - 6 potions of flight
 g - 2 potions of invisibility
 h - 11 potions of curing
 l - 3 potions of cancellation
 n - 5 potions of heal wounds
 r - 2 potions of agility {unknown}
 B - 2 potions of mutation
 J - a potion of might {unknown}
 K - a potion of ambrosia {unknown}
 L - 2 potions of lignification
 M - 2 potions of haste
 Q - a potion of brilliance
 T - 3 potions of berserk rage
Comestibles
 d - 20 rations


   Skills:
 - Level 8.3 Fighting
 + Level 4.9 Axes
 - Level 2.8 Throwing
 - Level 6.1 Armour
 - Level 6.1 Dodging
 - Level 6.0 Shields
 - Level 12.5 Invocations
 - Level 6.0 Evocations


You had 10 spell levels left.
You didn't know any spells.
Your spell library contained the following spells:

 Spells                   Type           Power        Failure   Level  Hunger
 Infusion                 Chrm           #...         100%        1    ##.....
 Magic Dart               Conj           #...         100%        1    ##.....
 Summon Small Mammal      Summ           #...         100%        1    ##.....
 Blink                    Tloc           N/A          100%        2    ###....
 Call Imp                 Summ           #.......     100%        2    ###....
 Shroud of Golubria       Chrm/Tloc      #.....       100%        2    ###....
 Slow                     Hex            #.......     100%        2    ###....
 Song of Slaying          Chrm           #.......     100%        2    ###....
 Call Canine Familiar     Summ           #.......     100%        3    ####...
 Conjure Flame            Conj/Fire      #.......     100%        3    ####...
 Mephitic Cloud           Conj/Pois/Air  #.......     100%        3    ####...
 Regeneration             Chrm/Necr      #.........   100%        3    ####...
 Spectral Weapon          Hex/Chrm       #.......     100%        3    ####...
 Summon Guardian Golem    Hex/Summ       #.......     100%        3    ####...
 Summon Ice Beast         Ice/Summ       #.......     100%        4    #####..
 Summon Lightning Spire   Summ/Air       #.......     100%        4    #####..


Dungeon Overview and Level Annotations

Branches:
Dungeon (10/15)            Temple (1/1) D:4            Lair (2/6) D:10
    Orc (0/2) D:10        Ossuary (visited)          Bailey (visited)
  Swamp: Lair:2-4    Shoals: Lair:2-4     Snake: Lair:2-4    Spider: Lair:2-4

Altars:
Ashenzari
Cheibriados
Dithmenos
Elyvilon
Fedhas
Gozag
Hepliaklqana
Kikubaaqudgha
Makhleb
Nemelex Xobeh
Okawaru
Qazlal
Ru
Sif Muna
Trog
Uskayaw
Vehumet
Wu Jian
Xom
Yredelemnul
Zin
The Shining One


Innate Abilities, Weirdness & Mutations

You reflexively headbutt those who attack you in melee.
You have a pair of horns on your head.


Message History

The komodo dragon hisses menacingly.
The komodo dragon closely misses you.
You barely miss the komodo dragon.
You headbutt the komodo dragon, but do no damage.
The komodo dragon is almost dead.
You hit the komodo dragon but do no damage.
You block the komodo dragon's attack. The komodo dragon bites you.
You block the komodo dragon's attack. x2
You closely miss the komodo dragon. Your headbutt misses the komodo dragon.
The komodo dragon is almost dead.
You barely miss the komodo dragon. You block the komodo dragon's attack.
The komodo dragon bites you!!
* * * LOW HITPOINT WARNING * * *
Your chain mail prevents you from hitting the komodo dragon.
The komodo dragon is almost dead.
You slash the komodo dragon!
You feel better. The komodo dragon bites you!
* * * LOW HITPOINT WARNING * * *
The komodo dragon bites you!!
You die...
Your body rises from the dead as a mindless zombie.

## ##........
###.####.........
#....##....$..#
##............##
#.[...........#
##............##
#............##
#....l..#...##
#....@l..#.##
##.......###
##......#
##.....$#
###.....P
#.....## #.....#
#....#


You could see 2 komodo dragons.

Vanquished Creatures
  A hydra (D:10)
  A two-headed ogre (D:9)
  An orc knight (Bailey)
  Grinder (D:4)
  Prince Ribbit (D:5)
  2 hippogriffs
  13 yaks
  3 hogs (D:7)
  A human (D:7)
  A steam dragon (D:8)
  Edmund (D:5)
  2 porcupines
  3 orc warriors
  2 ice beasts
  2 sky beasts
  2 ogres
  A necrophage (D:7)
  2 centaurs
  A crocodile (Lair:2)
  4 bullfrogs
  10 scorpions
  2 wights (D:10)
  3 howler monkeys (D:8)
  3 centaur zombies
  4 crimson imps
  A bullfrog zombie (D:5)
  3 hounds
  A quasit (D:8)
  A human zombie (Ossuary)
  2 jellies
  11 orc wizards
  7 orc priests
  2 bullfrog skeletons
  4 iguanas
  Terence (D:2)
  9 worker ants
  4 big kobold zombies (Ossuary)
  A hound skeleton (D:6)
  4 mummies
  A worker ant zombie (D:5)
  A howler monkey skeleton (D:5)
  8 gnolls
  A scorpion zombie (Ossuary)
  2 adders
  2 shadow imps (D:5)
  2 oozes
  An adder skeleton (D:5)
  3 worms
  3 dart slugs
  5 leopard geckos
  35 orcs
  12 giant cockroaches
  8 goblins
  7 hobgoblins
  13 jackals
  10 kobolds
  4 quokkas
  A ball python (D:6)
  A ball python skeleton (D:4)
  10 bats
  4 frilled lizards
  2 goblin skeletons (D:8)
  4 goblin zombies
  6 hobgoblin zombies
  3 kobold zombies
  A leopard gecko skeleton (D:4)
  2 leopard gecko zombies
  An orc skeleton (D:8)
  2 orc zombies (Ossuary)
  A quokka zombie (D:6)
  13 rats
287 creatures vanquished.

Vanquished Creatures (collateral kills)
  A hydra (Lair:1)
  A black mamba (Lair:1)
  A spiny frog (Lair:1)
  A rime drake (Lair:1)
  2 komodo dragons
  A troll (D:10)
  2 hippogriffs (Lair:1)
  4 blink frogs (Lair:1)
  A hog (D:7)
  A porcupine (Lair:1)
  A water moccasin (Lair:1)
  An orc warrior (Bailey)
  A phantom (D:6)
  A big kobold (D:7)
  2 wights (D:10)
  A quasit (D:7)
  A bullfrog skeleton (D:5)
  A worker ant (D:5)
  An orc wizard (D:10)
  An adder (D:7)
  An adder zombie (D:6)
  A giant cockroach (D:6)
  2 goblins (D:10)
  A goblin zombie (D:8)
  An orc zombie (D:8)
  3 rats (D:6)
  2 fungi (Lair:1)
37 creatures vanquished.

Vanquished Creatures (others)
  A hippogriff zombie (D:10)
  A troll skeleton (D:10)
  A yak skeleton (Lair:1)
  A howler monkey zombie (D:8)
  A gnoll skeleton (D:6)
  A goblin skeleton (D:8)
  2 goblin zombies (D:10)
  3 kobold zombies (D:7)
  3 orc skeletons
  3 orc zombies
17 creatures vanquished.

Grand Total: 341 creatures vanquished

Notes
Turn   | Place    | Note
-------+----------+-------------------------------------------
     0 | D:1      | Fingolfin the Minotaur Gladiator began the quest for the
                  | Orb.
     0 | D:1      | Reached XP level 1. HP: 18/18 MP: 0/0
    96 | D:1      | Reached XP level 2. HP: 25/25 MP: 1/1
   350 | D:1      | Reached XP level 3. HP: 31/31 MP: 2/2
   851 | D:2      | Reached XP level 4. HP: 38/38 MP: 3/3
  1065 | D:2      | Noticed Terence
  1072 | D:2      | Killed Terence
  1288 | D:2      | Reached XP level 5. HP: 42/47 MP: 4/4
  1758 | D:3      | Found a hazy altar of Hepliaklqana.
  1778 | D:3      | Reached skill level 5 in Fighting
  2127 | D:4      | Found a white marble altar of Elyvilon.
  2453 | D:4      | Noticed an ogre
  2460 | D:4      | Killed an ogre
  2460 | D:4      | Reached XP level 6. HP: 50/58 MP: 5/5
  2559 | D:4      | Found a staircase to the Ecumenical Temple.
  2570 | Temple   | Entered the Ecumenical Temple
  2628 | Temple   | Became a worshipper of Yredelemnul the Dark
  2845 | D:4      | Noticed Grinder
  2861 | D:4      | Killed Grinder
  2861 | D:4      | Reached XP level 7. HP: 65/69 MP: 6/6
  3039 | D:5      | Entered Level 5 of the Dungeon
  3040 | D:5      | Noticed Prince Ribbit
  3185 | D:5      | Killed Prince Ribbit
  3185 | D:5      | Reached skill level 3 in Invocations
  3258 | D:5      | Reached skill level 4 in Invocations
  3504 | D:5      | Noticed Edmund
  3519 | D:5      | Killed Edmund
  3519 | D:5      | Reached skill level 5 in Invocations
  3519 | D:5      | Reached XP level 8. HP: 57/75 MP: 8/10
  3759 | D:5      | Reached skill level 6 in Invocations
  3954 | D:5      | Found a blossoming altar of Fedhas.
  3956 | D:5      | Found an ancient bone altar of Kikubaaqudgha.
  3962 | D:5      | Reached skill level 7 in Invocations
  3963 | D:5      | Reached * piety under Yredelemnul
  4735 | D:6      | Found an opulent altar of Gozag.
  4749 | D:6      | Found a sparkling altar of Nemelex Xobeh.
  4782 | D:6      | Reached skill level 8 in Invocations
  4831 | D:6      | Reached skill level 1 in Armour
  4835 | D:6      | Found a snail-covered altar of Cheibriados.
  4932 | D:6      | Found a sand-covered staircase.
  4939 | Ossuary  | Entered an ossuary
  4952 | Ossuary  | Reached ** piety under Yredelemnul
  4952 | Ossuary  | Reached XP level 9. HP: 56/82 MP: 10/14
  5237 | Ossuary  | Reached skill level 1 in Shields
  5770 | D:6      | Found a shimmering blue altar of Sif Muna.
  6221 | D:7      | Reached skill level 5 in Armour
  6224 | D:7      | Found an iron altar of Okawaru.
  6321 | D:7      | Reached skill level 5 in Dodging
  6471 | D:7      | Found a glowing silver altar of Zin.
  6500 | D:7      | Found the +2 cloak of the Thief {+Fog Slay-2 SInv Stlth+}
  6877 | D:7      | Reached skill level 5 in Shields
  7380 | D:8      | Reached skill level 1 in Evocations
  7382 | D:8      | Reached *** piety under Yredelemnul
  7404 | D:8      | Reached XP level 10. HP: 64/89 MP: 15/15
  7528 | D:8      | Found a glowing golden altar of the Shining One.
  7896 | D:8      | Reached **** piety under Yredelemnul
  8022 | D:8      | You fall into a shaft and drop 1 floor!
  8026 | D:9      | Found a shadowy altar of Dithmenos.
  8180 | D:9      | Found an opulent altar of Gozag.
  8342 | D:9      | Noticed a two-headed ogre
  8349 | D:9      | Killed a two-headed ogre
  8349 | D:9      | Reached skill level 5 in Evocations
  9022 | D:10     | Entered Level 10 of the Dungeon
  9090 | D:10     | Reached skill level 9 in Invocations
  9208 | D:10     | Found a flagged portal.
  9321 | Bailey   | Entered a bailey
  9377 | Bailey   | Noticed an orc knight
  9390 | Bailey   | Killed an orc knight
  9390 | Bailey   | Reached skill level 10 in Invocations
  9568 | Bailey   | Found an iron altar of Okawaru.
  9787 | D:10     | Found a staircase to the Lair.
  9862 | D:10     | Found a staircase to the Orcish Mines.
 10093 | Lair:1   | Entered Level 1 of the Lair of Beasts
 10099 | Lair:1   | Noticed a seven-headed hydra
 10119 | D:10     | Killed an eight-headed hydra
 10119 | D:10     | Reached XP level 11. HP: 46/95 MP: 11/18
 10322 | Lair:1   | Got an ancient war axe
 10323 | Lair:1   | Identified the +2 war axe of Deformation {vamp, rC+ MR+
                  | Dex+2 Stlth-} (You found it on level 1 of the Lair of
                  | Beasts)
 10362 | Lair:1   | Reached skill level 11 in Invocations
 10951 | Lair:1   | Noticed a six-headed hydra
 10960 | Lair:1   | Killed an eight-headed hydra
 10960 | Lair:1   | Reached skill level 12 in Invocations
 11614 | Lair:2   | You fall into a shaft and drop 1 floor!
 11633 | Lair:3   | Mangled by a komodo dragon

Levels and vault maps discovered:
D:1:      matt_arrival_grand_opening, layout_basic
D:2:      wad_pebble_path, layout_basic, first_ration, minmay_worlds_worst_comb,
          uniq_terence
D:3:      layout_loops_ring, old_standard_altar, serial_glass, glass_columns_b,
          glass_columns_b
D:4:      layout_cave_pods, elyvilon_altar_3, minmay_temple_entry_large_hall,
          uniq_grinder
D:5:      layout_gridville, grunt_temple_overflow_growth_and_decay,
          uniq_prince_ribbit1, uniq_edmund
D:6:      layout_loops_cross, old_standard_altar, overflow_temple_1_default,
          nemelex_xobeh_ov_fountains_minmay, nicolae_ossuary_entry_giza,
          portal_sewer_entry_e, grunt_gozag_breadcrumbs
D:7:      layout_basic, okawaru_metal_pillars_3, kennysheep_mini_moat,
          grunt_livestock
D:8:      layout_loops_cross, nicolae_tso_besieged_by_evil
D:9:      layout_roguey, lemuel_crystal_altar, nicolae_overflow_crystal_walls
D:10:     layout_cave_pools, lair_entry_dummy, orc_0_dummy, enter_bailey_3,
          hangedman_decor_clover_reticule, grunt_ministairs_5
Temple:   cyrus_temple_forest
Lair:1:   layout_regular_city, chequers_serial_rivers_marsh
Lair:2:   layout_regular_city, wad_woods_03, uniq_gastronok
Lair:3:   layout_cave_shapes, spider_nest_entry_a, patterned_corridor,
          infiniplex_staircase_pool_2, grunt_megastairs_2,
          minmay_lair_oklob_chamber

Skill      XL: |  1  2  3  4  5  6  7  8  9 10 11 |
---------------+----------------------------------+-----
Axes           | 4 |  4.9
Fighting       | 3 4 6 8 |  8.3
Dodging        | 4 6 |  6.1
Invocations    | 5 8 10 12 | 12.5
Armour         | 2 6 |  6.1
Shields        | 6 |  6.0
Evocations     | 2 6 |  6.0
Throwing       | |  2.8

Action                   |  1- 3 |  4- 6 |  7- 9 | 10-12 || total
-------------------------+-------+-------+-------+-------++-------
Melee: War axe           |    65 |     8 |    38 |   267 ||   378
       Headbutt          |    21 |    19 |    95 |    74 ||   209
       Flail             |       |   103 |   389 |       ||   492
Throw: Stone             |       |     5 |     9 |    39 ||    53
Invok: Animate Remains   |       |       |    19 |       ||    19
       Recall Undead Sla |       |       |     1 |       ||     1
       Animate Dead      |       |       |       |    23 ||    23
       Injury Mirror     |       |       |       |     1 ||     1
       Drain Life        |       |       |       |     1 ||     1
 Abil: Evoke Fog         |       |       |     1 |     1 ||     2
Evoke: Wand              |       |       |       |     2 ||     2
  Use: Scroll            |       |       |       |    22 ||    22
 Stab: Distracted        |       |       |     2 |     3 ||     5
  Eat: Chunk             |       |     6 |    16 |    16 ||    38
       Ration            |       |       |     2 |     2 ||     4
Armor: Leather armour    |     7 |       |       |       ||     7
       Ring mail         |     6 |     1 |       |       ||     7
       Chain mail        |       |    59 |   252 |   172 ||   483
Dodge: Dodged            |    41 |    49 |   207 |   191 ||   488
       Deflected         |       |       |     3 |       ||     3
Block: Buckler           |       |    11 |    95 |    28 ||   134
       Shield            |       |       |       |   183 ||   183

Table legend:
 A = Non-vault XP
 B = Vault XP
 C = Vault XP percentage of total XP
 D = Non-vault monster count
 E = Vault monster count
 F = Vault count percentage of total count
                 A         B        C        D         E       F
            +---------+---------+-------+---------+---------+-------
      Total |   13402 |    3397 |  20.2 |     249 |      72 |  22.4
            +---------+---------+-------+---------+---------+-------
        D:1 |      50 |       0 |   0.0 |      26 |       0 |   0.0
        D:2 |     117 |      44 |  27.3 |      28 |       5 |  15.2
        D:3 |      41 |       0 |   0.0 |      19 |       0 |   0.0
        D:4 |     275 |     286 |  51.0 |      12 |       1 |   7.7
        D:5 |     995 |     430 |  30.2 |      39 |       2 |   4.9
        D:6 |     522 |      26 |   4.7 |      17 |      11 |  39.3
        D:7 |     643 |     863 |  57.3 |      18 |       5 |  21.7
        D:8 |    1591 |      54 |   3.3 |      26 |      10 |  27.8
        D:9 |    1496 |       0 |   0.0 |      14 |       0 |   0.0
       D:10 |    2384 |     139 |   5.5 |      23 |       5 |  17.9
     Lair:1 |    3929 |       0 |   0.0 |      20 |       0 |   0.0
     Lair:2 |    1163 |       0 |   0.0 |       6 |       0 |   0.0
     Lair:3 |     196 |       0 |   0.0 |       1 |       0 |   0.0
    Ossuary |       0 |     722 | 100.0 |       0 |      25 | 100.0
     Bailey |       0 |     833 | 100.0 |       0 |       8 | 100.0
            +---------+---------+-------+---------+---------+-------
